AoeStats
← Combi l BU

Arabia

506697214Analyzed
1v1 RM · 18d ago on Sep 14, 2026· 55m 32s· 2 players
Game mode
Random Map
Map size
Tiny (2 player)
Population
200
Speed
Normal
Resources
Standard
Victory
Conquest
Starting age
Dark Age
Ending age
Imperial Age
RankedLock teamsTeams togetherTeam positionsShared explorationLock speedFull tech treeHidden civsTurbo modeCheats
Victory
Defeat
🇨🇱 Inca · Chile
2147
+8
🇲🇽 Maya · Mexico
1959
-8
Combi l BU
0:26 Loom
12:33 Feudal Age
17:12 Castle Age
15:47 Double-Bit Axe
16:32 Fletching
18:59 Bodkin Arrow
23:36 Padded Archer Armor
23:51 Bow Saw
29:32 Ballistics
31:10 Leather Archer Armor
33:26 Wheelbarrow
35:44 Hand Cart
39:59 Imperial Age
37:38 Scale Mail Armor
37:35 Eagle Warrior
38:38 Chain Mail Armor
38:31 Squires
38:50 Gold Mining
38:54 Stone Mining
41:10 Plate Mail Armor
41:21 Holcans
43:41 Elite Eagle Warrior
46:23 Two-Man Saw
45:05 Horse Collar
45:56 Forging
47:13 Iron Casting
47:26 Heavy Plow
48:10 Bracer
49:11 Ring Archer Armor
48:09 Elite Skirmisher
49:18 Thumb Ring
50:42 Blast Furnace
51:38 Chemistry
50:20 Treadmill Crane
50:50 Masonry
51:41 Crossbowman
52:36 Arbalester
53:33 Capped Ram
54:46 Siege Ram
DGHIR | chanchilaru
6:28 Loom
8:49 Feudal Age
15:31 Fletching
22:02 Castle Age
22:03 Crossbowman
22:39 Bodkin Arrow
22:58 Padded Archer Armor
24:19 Ballistics
26:54 Leather Archer Armor
26:57 Thumb Ring
28:19 Elite Skirmisher
30:49 Leather Archer Armor
37:56 Imperial Age
35:57 Town Watch
37:21 Wheelbarrow
37:56 Horse Collar
38:03 Double-Bit Axe
38:40 Bracer
40:41 Chemistry
44:41 Andean Sling
45:02 Conscription
45:23 Bow Saw
45:25 Heavy Plow
45:16 Gold Mining
45:17 Stone Mining
46:35 Masonry
47:14 Champi Runner
47:54 Squires
48:22 Champi Warrior
48:48 Arson
49:05 Scale Mail Armor
50:11 Crop Rotation
50:57 Fortified Wall
51:04 Elite Champi Warrior
51:54 Fabric Shields
52:37 Chain Mail Armor
53:50 Plate Mail Armor
53:46 Hand Cart
54:31 Forging
55:53 Gold Shaft Mining
56:17 Iron Casting
Connection lost

Rejoining the realm…

Still unreachable

The connection could not be restored.

Session expired

The server has moved on; the page needs a fresh start.